 Dungeon Crawl Stone Soup version 0.27-a0-1565-gad902ab807 (webtiles) character file.

Game seed: 3482447031699226374

89949 flotson the Fighter (level 15, -4/119 HPs)
             Began as a Demonspawn Delver on July 17, 2021.
             Was an Initiate of Gozag.
             Slain by an ettin (16 damage)
             ... on level 13 of the Dungeon.
             The game lasted 01:07:00 (34244 turns).

flotson the Fighter (Demonspawn Delver)            Turns: 34244, Time: 01:07:02

Health: -4/119     AC: 29    Str: 24    XL:     15   Next: 50%
Magic:  0/15       EV: 12    Int: 17    God:    Gozag
Gold:   1209       SH: 18    Dex: 15    Spells: 14/14 levels left

rFire    + . .     SeeInvis .   a - +2 war axe (vamp)
rCold    . . .     Faith    .   G - +0 tower shield
rNeg     . . .     Spirit   +   T - +8 scale mail "Kaehidiarr" {rF+ rCorr Int+2}
rPois    .         Reflect  .   Q - +1 hat
rElec    .         Harm     .   w - +2 cloak {rCorr}
rCorr    +         Rampage  .   L - +0 pair of gloves {archery}
Will     +....                  M - +2 pair of boots
Stlth    ++........             u - amulet of guardian spirit
HPRegen  0.29/turn              V - +6 ring of strength
MPRegen  0.14/turn              K - ring of the Cuttlefish {*Corrode Fly Int+5 Slay+5}

@: gold aura, flying
A: antennae 2, molten scales 2, foul stench 3, spiny 1, deterioration 1, dopey 1
a: Renounce Religion, Potion Petition, Call Merchant, Bribe Branch


You were on level 13 of the Dungeon.
You worshipped Gozag.
Gozag was most pleased with you.
You visited 3 branches of the dungeon, and saw 21 of its levels.

You collected 8289 gold pieces.
You spent 5073 gold pieces at shops.
You paid 2007 gold pieces to Gozag.

Inventory:

Hand Weapons
 a - a +2 vampiric war axe (weapon)
 b - the +6 spear of the Purse {vorpal, rPois Int+3}
   (You found it on level 5 of the Dungeon)

   It inflicts extra damage upon your enemies.
   Int:       It affects your intelligence (+3).
   rPois:     It protects you from poison.
Missiles
 r - 5 silver javelins (quivered)
 x - 61 poisoned darts
 B - 8 boomerangs
 O - 4 silver boomerangs
 R - 4 throwing nets
Armour
 w - a +2 cloak of preservation (worn)
 G - a +0 tower shield (worn)
 L - a +0 pair of gloves of archery (worn)
 M - a +2 pair of boots (worn)
 Q - a +1 hat (worn)
 T - the +8 scale mail "Kaehidiarr" (worn) {rF+ rCorr Int+2}
   (You bought it in a shop on level 2 of the Orcish Mines)

   Int:       It affects your intelligence (+2).
   rF:        It protects you from fire.
   rCorr:     It protects you from acid and corrosion.
Jewellery
 u - an amulet of guardian spirit (around neck)
 C - an amulet of reflection
 K - the ring of the Cuttlefish (right hand) {*Corrode Fly Int+5 Slay+5}
   (You found it on level 12 of the Dungeon)

   [ring of flight]

   Int:       It affects your intelligence (+5).
   Slay:      It affects your accuracy & damage with ranged weapons and melee
   (+5).
   Fly:       It grants you flight.
   *Corrode:  It may corrode you when you take damage.
 V - a +6 ring of strength (left hand)
 X - the ring "Circhir Exep" {rC+ Stlth+}
   (You took it off a yaktaur on level 12 of the Dungeon)

   [ring of protection from cold]

   rC:        It protects you from cold.
   Stlth:     It makes you more stealthy.
Wands
 g - a wand of digging (8)
 i - a wand of flame (38)
 j - a wand of paralysis (23)
 y - a wand of charming (12)
 D - a wand of polymorph (5)
 S - a wand of iceblast (13)
 U - a wand of mindburst (7)
Scrolls
 c - 2 scrolls of fog
 d - 4 scrolls of magic mapping
 e - 4 scrolls of fear
 l - a scroll of holy word
 p - 5 scrolls of blinking
 q - 2 scrolls of summoning
 t - 2 scrolls of torment
 A - 8 scrolls of teleportation
 E - a scroll of silence
 F - 6 scrolls of enchant armour
 I - 2 scrolls of vulnerability
 N - 3 scrolls of enchant weapon
Potions
 f - a potion of haste
 m - 3 potions of might
 o - 3 potions of ambrosia
 z - a potion of attraction
 H - a potion of heal wounds
 P - a potion of cancellation
 Y - a potion of mutation {unknown}
 Z - a potion of flight
Miscellaneous
 s - a tin of tremorstones (2/2)


   Skills:
 + Level 11.4 Fighting
 * Level 10.3 Axes
 + Level 9.8 Throwing
 + Level 10.1 Armour
 + Level 10.3 Dodging
 - Level 5.0 Stealth
 + Level 9.4 Shields
 + Level 10.6 Evocations


You had 14 spell levels left.
You didn't know any spells.
Your spell library contained the following spells:

 Spells                   Type           Power      Damage    Failure   Level
 Animate Skeleton         Necr           0%         N/A       98%         1
 Apportation              Tloc           0%         N/A       98%         1
 Corona                   Hex            0%         N/A       98%         1
 Freeze                   Ice            0%         1d3       98%         1
 Pain                     Necr           0%         1d4       98%         1
 Shock                    Conj/Air       0%         1d3       98%         1
 Summon Small Mammal      Summ           0%         N/A       98%         1
 Blink                    Tloc           N/A        N/A       99%         2
 Slow                     Hex            0%         N/A       99%         2
 Static Discharge         Conj/Air       0%         N/A       99%         2
 Confusing Touch          Hex            0%         N/A       100%        3
 Frozen Ramparts          Ice            0%         1d2       100%        3
 Lesser Beckoning         Tloc           0%         N/A       100%        3
 Swiftness                Air            0%         N/A       100%        3
 Vampiric Draining        Necr           0%         2d6       100%        3
 Airstrike                Air            0%         N/A       100%        4
 Dispel Undead            Necr           0%         3d6       100%        4
 Hailstorm                Conj/Ice       0%         3d3       100%        4
 Sticky Flame             Conj/Fire      0%         2d3       100%        4
 Freezing Cloud           Conj/Ice/Air   0%         6-21      100%        5
 Manifold Assault         Tloc           0%         N/A       100%        5
 Summon Forest            Summ/Tloc      0%         N/A       100%        5
 Summon Mana Viper        Hex/Summ       0%         N/A       100%        5
 Yara's Violent Unravell  Hex/Tmut       0%         3d3       100%        5
 Shadow Creatures         Summ           N/A        N/A       100%        6
 Simulacrum               Ice/Necr       0%         N/A       100%        6
 Chain Lightning          Conj/Air       0%         N/A       100%        9
 Fire Storm               Conj/Fire      0%         5d1       100%        9
 Polar Vortex             Ice            0%         N/A       100%        9


Dungeon Overview and Level Annotations

Branches:
Dungeon (13/15)            Temple (0/1) D:4            Lair (6/6) D:8
 Shoals (0/4) Lair:3       Spider (0/4) Lair:4        Slime (0/5) Lair:6
    Orc (2/2) D:9             Elf (0/3) Orc:2
 Vaults: D:13-14

Altars:
Ashenzari
Fedhas
Gozag
Makhleb
Okawaru
Sif Muna
Xom

Shops:
D:3 !   Orc:2 [?*=(*[**(

Portals:
Pandemonium: Orc:2


Innate Abilities, Weirdness & Mutations

You have a pair of antennae on your head.
You are mostly covered in molten scales. (AC +3)
You frequently emit foul miasma when damaged in melee.
You are partially covered in sharp spines.
Your body sometimes deteriorates upon taking damage.
You are dopey. (Int -2)


Message History

You closely miss the wraith. You block the ettin's attack.
The ettin hits you but does no damage. You block the wraith's attack.
The ettin barely misses you. The ettin hits you but does no damage.
Unknown command.
You hit the ettin.
You feel better.
The ettin is heavily wounded.
You slash the wraith! You block the wraith's attack.
The ettin is distracted by your dazzling golden aura.
The wraith hits you but does no damage.
Unknown command.
You hit the ettin but do no damage.
The ettin is no longer distracted by gold.
The ettin is heavily wounded.
You slash the wraith! You block the ettin's attack. x2
The wraith hits you but does no damage.
Unknown command.
You hit the ettin.
You feel better.
The ettin is heavily wounded.
You slash the wraith!
The ettin hits you with a +0 great mace.
You block the ettin's attack. The wraith is struck by your spines.
You destroy the wraith!
Unknown command.
You slash the ettin!
The ettin is heavily wounded.
You block the ettin's attack.
The ettin hits you with a +0 dire flail!
The ettin is struck by your spines.
The ettin hits you with a +0 great mace!
* * * LOW HITPOINT WARNING * * *
You emit a cloud of foul miasma!
The ettin hits you with a +0 dire flail!
* * * LOW HITPOINT WARNING * * *
You hit the ettin.
You feel better.
The ettin is severely wounded.
The ettin is engulfed in dark miasma.
The ettin is poisoned.
The ettin seems to slow down.
The ettin hits you with a +0 great mace!!
You die...
Your body crumbles into a pile of gold.

#......##.
#..Q......
#........ #......#
#.....#.# #
#....#.#.####.#. .
#....##.#....#.##.
#$C.#.##.....Q##.#
#@$#.#..........#.
#..##............#
#.#...............
#.................
######............
#############


You could see an ettin (poisoned, slow) and a tengu warrior (wandering).

Vanquished Creatures
  Nessos (Lair:6)
  Snorg (Lair:3)
  A fire dragon (D:12)
  An ettin (D:13)
  A shambling mangrove (Lair:6)
  Fannar (D:12)
  Harold (Lair:2)
  6 boulder beetles
  9 hydras
  3 catoblepae (Lair:6)
  2 centaur warriors (D:13)
  6 two-headed ogres
  An alligator (Lair:4)
  A tengu warrior (D:12)
  7 death yaks (Lair:6)
  Urug (Lair:6)
  4 orc high priests (Orc:2)
  A soul eater (Orc:2)
  3 skeletal warriors (D:11)
  A goliath frog (Lair:4)
  A torturous demonspawn (Orc:2)
  Pikel (D:7)
  An infernal demonspawn (Orc:2)
  A swamp dragon (Lair:4)
  4 orc knights
  An oklob plant (Lair:6)
  An ugly thing (D:12)
  17 elephants
  4 cyclopes
  8 orc sorcerers
  6 manticores
  A rust devil (Orc:2)
  5 black mambas
  A smoke demon (Orc:2)
  10 cane toads
  A gargoyle (D:12)
  Psyche (D:10)
  An unseen horror (D:12)
  5 rime drakes
  7 komodo dragons
  2 kobold demonologists
  A yaktaur (D:12)
  A tengu conjurer (D:12)
  6 trolls
  3 polar bears
  A wind drake (Lair:3)
  A jumping spider (shapeshifter) (D:12)
  A jumping spider (Lair:4)
  6 dream sheep (Lair:5)
  A tyrant leech (Lair:4)
  Prince Ribbit (D:7)
  14 blink frogs
  2 slime creatures
  6 redbacks (Lair:4)
  4 wraiths
  Sigmund (D:4)
  A ynoxinul (Orc:2)
  43 yaks
  A wyvern (shapeshifter) (D:12)
  5 basilisks
  A wyvern (D:10)
  A chaos spawn (Orc:2)
  Eustachio (D:4)
  A steam dragon (D:10)
  A warg (Orc:1)
  5 swamp worms (Lair:4)
  5 acid dragons
  31 water moccasins
  3 swamp drakes
  26 orc warriors
  2 ice beasts
  A sky beast (D:8)
  2 ogres
  2 necrophages
  9 wolves (Lair:4)
  2 centaurs
  Blork the orc (D:6)
  10 bullfrogs
  A kobold brigand (D:10)
  2 gnoll sergeants
  3 scorpions
  A ballistomycete (Lair:6)
  5 killer bees (D:8)
  An electric eel (D:7)
  3 howler monkeys (D:8)
  A centaur zombie (D:8)
  3 jellies
  A hound (D:5)
  26 orc priests
  An iguana (D:4)
  Jessica (D:2)
  Terence (D:2)
  13 orc wizards
  Natasha (D:3)
  6 hell rats (Lair:2)
  A hound zombie (D:5)
  A hound skeleton (D:5)
  Robin (D:4)
  2 howler monkey zombies
  20 adders
  14 gnolls
  A shadow imp (D:7)
  A white imp (D:6)
  2 dart slugs
  59 orcs
  6 ball pythons
  5 endoplasms
  9 goblins
  9 hobgoblins
  2 jackals (D:4)
  16 kobolds
  4 quokkas
  6 bats
  3 rats
566 creatures vanquished.

Vanquished Creatures (others)
  5 dream sheep (D:3)
  A vampire (D:12)
  An orc warrior (Orc:2)
  An adder (Lair:1)
  2 ballistomycete spores (Lair:6)
  32 fungi
  36 plants
78 creatures vanquished.

Grand Total: 644 creatures vanquished

Notes
Turn   | Place    | Note
-------+----------+-------------------------------------------
     0 | D:5      | flotson the Demonspawn Delver began the quest for the Orb.
     0 | D:5      | Reached XP level 1. HP: 18/18 MP: 1/1
     8 | D:5      | Identified the +6 spear of the Purse {vorpal, rPois Int+3}
   210 | D:3      | Found Roxtee's Distillery.
   224 | D:3      | Found a blossoming altar of Fedhas.
   238 | D:3      | Gained mutation: You have a pair of small antennae on your
                  | head. [demonic ancestry]
   238 | D:3      | Reached XP level 2. HP: 16/24 MP: 2/2
   710 | D:1      | Reached skill level 1 in Armour
   787 | D:1      | Reached XP level 3. HP: 29/29 MP: 3/3
  1086 | D:1      | Found a faded altar of an unknown god.
  1086 | D:1      | Noticed a neqoxec
  1343 | D:2      | Noticed Terence
  2150 | D:2      | Killed Terence
  2151 | D:2      | Gained mutation: You are partially covered in molten
                  | scales. (AC +2) [demonic ancestry]
  2151 | D:2      | Reached XP level 4. HP: 20/36 MP: 4/4
  2770 | D:3      | Noticed Jessica
  2770 | D:3      | Noticed Natasha
  2778 | D:2      | Killed Jessica
  2927 | D:3      | Killed Natasha
  2928 | D:3      | Gained mutation: You may rarely emit foul miasma when
                  | damaged in melee. [demonic ancestry]
  2928 | D:3      | Reached XP level 5. HP: 34/42 MP: 5/5
  3052 | D:3      | Reached skill level 4 in Fighting
  3178 | D:3      | Noticed a dream sheep
  3178 | D:3      | Noticed a dream sheep
  3178 | D:3      | Noticed a dream sheep
  3178 | D:3      | Noticed a dream sheep
  3178 | D:3      | Noticed a dream sheep
  3178 | D:3      | Found a shimmering altar of Xom.
  3183 | D:3      | Killed a dream sheep
  3183 | D:3      | Killed a dream sheep
  3183 | D:3      | Killed a dream sheep
  3183 | D:3      | Killed a dream sheep
  3184 | D:3      | Killed a dream sheep
  3386 | D:4      | Found an iron altar of Okawaru.
  3387 | D:4      | Found an opulent altar of Gozag.
  3388 | D:4      | Found a broken altar of Ashenzari.
  3409 | D:4      | Became a worshipper of Gozag Ym Sagoz the Greedy
  3489 | D:4      | Noticed Eustachio
  3506 | D:4      | Killed Eustachio
  3507 | D:4      | Reached skill level 1 in Throwing
  3507 | D:4      | Reached skill level 1 in Evocations
  3507 | D:4      | Reached XP level 6. HP: 41/48 MP: 4/6
  3700 | D:4      | Noticed Sigmund
  3734 | D:4      | Killed Sigmund
  3735 | D:4      | Gained mutation: You are partially covered in sharp spines.
                  | [demonic ancestry]
  3735 | D:4      | Reached XP level 7. HP: 43/55 MP: 5/7
  3843 | D:4      | Found a staircase to the Ecumenical Temple.
  3920 | D:4      | Noticed Robin
  3943 | D:4      | Killed Robin
  4478 | D:5      | Reached skill level 5 in Fighting
  4563 | D:5      | Gained mutation: You have a pair of antennae on your head.
                  | [demonic ancestry]
  4563 | D:5      | Reached XP level 8. HP: 62/62 MP: 8/8
  4690 | D:5      | Reached skill level 1 in Shields
  5437 | D:6      | Reached XP level 9. HP: 38/69 MP: 6/9
  5452 | D:6      | Reached skill level 6 in Fighting
  5669 | D:6      | Noticed Blork the orc
  5673 | D:6      | Killed Blork the orc
  6048 | D:6      | Reached skill level 5 in Axes
  6048 | D:6      | Reached skill level 5 in Dodging
  6286 | D:7      | Noticed Prince Ribbit
  6296 | D:7      | Killed Prince Ribbit
  7094 | D:8      | Noticed a two-headed ogre
  7116 | D:8      | Noticed Pikel
  7129 | D:7      | Killed Pikel
  7130 | D:7      | Reached skill level 5 in Armour
  7297 | D:8      | Noticed a komodo dragon
  7309 | D:8      | Killed a komodo dragon
  7400 | D:8      | Reached XP level 10. HP: 40/77 MP: 5/10
  7410 | D:8      | Reached skill level 5 in Evocations
  7960 | D:8      | Found a staircase to the Lair.
  8094 | D:8      | Noticed a two-headed ogre
  8587 | D:8      | Reached skill level 7 in Fighting
  8650 | D:8      | Killed a two-headed ogre
  8651 | D:8      | Reached skill level 5 in Throwing
  9271 | D:8      | Found a staircase to the Lair.
  9469 | D:9      | Noticed a two-headed ogre
  9487 | D:8      | Killed a two-headed ogre
  9519 | D:9      | Noticed a two-headed ogre
  9540 | D:9      | Killed a two-headed ogre
  9800 | D:9      | Found a staircase to the Orcish Mines.
 10040 | D:9      | Found a shimmering blue altar of Sif Muna.
 10075 | D:9      | Gained mutation: You sometimes emit foul miasma when
                  | damaged in melee. [demonic ancestry]
 10075 | D:9      | Reached XP level 11. HP: 35/84 MP: 4/11
 10728 | D:10     | Entered Level 10 of the Dungeon
 10984 | D:10     | Reached skill level 5 in Shields
 11015 | D:10     | Noticed Psyche
 11210 | D:10     | Killed Psyche
 11862 | Lair:1   | Entered Level 1 of the Lair of Beasts
 12426 | Lair:1   | Noticed a four-headed hydra
 12459 | D:8      | Killed a four-headed hydra
 12666 | Lair:1   | Reached skill level 8 in Fighting
 12948 | Lair:1   | Noticed a seven-headed hydra
 12954 | Lair:1   | Killed a seven-headed hydra
 13268 | Lair:1   | Identified the +1 leather armour of Purpose {rC+ Will+
                  | rCorr}
 14106 | Lair:1   | Gained mutation: You frequently emit foul miasma when
                  | damaged in melee. [demonic ancestry]
 14106 | Lair:1   | Reached XP level 12. HP: 48/94 MP: 7/12
 15668 | Lair:2   | Noticed an eight-headed hydra
 15673 | Lair:2   | Killed an eight-headed hydra
 15717 | Lair:2   | Noticed Harold
 15799 | Lair:2   | Reached skill level 5 in Stealth
 15965 | D:7      | Killed a two-headed ogre
 16683 | D:11     | Noticed a two-headed ogre
 16697 | D:11     | Killed a two-headed ogre
 16698 | D:11     | Reached skill level 9 in Fighting
 17156 | D:11     | Noticed a boulder beetle
 17199 | D:11     | Killed a boulder beetle
 18821 | Lair:2   | Noticed a six-headed hydra
 19174 | Lair:2   | Killed a six-headed hydra
 19540 | Lair:2   | Killed Harold
 20122 | Lair:3   | Noticed Snorg
 20141 | Lair:3   | Killed Snorg
 20142 | Lair:3   | Gained mutation: You are mostly covered in molten scales.
                  | (AC +3) [demonic ancestry]
 20142 | Lair:3   | Reached XP level 13. HP: 61/101 MP: 8/13
 20453 | Lair:3   | Found a staircase to the Shoals.
 21172 | Lair:3   | Identified the +0 scale mail of Saguz {rF++ rN++ Str-2}
 21912 | Lair:4   | Found a hole to the Spider Nest.
 23890 | Lair:5   | Reached skill level 10 in Fighting
 24982 | Lair:6   | Entered Level 6 of the Lair of Beasts
 25005 | Lair:6   | Noticed Urug
 25021 | Lair:6   | Killed Urug
 25307 | Lair:6   | Reached XP level 14. HP: 87/110 MP: 8/14
 25420 | Lair:6   | Noticed Nessos
 25426 | Lair:6   | Killed Nessos
 26345 | Lair:6   | Identified the +7 morningstar of Jitostou {holy, +Blink
                  | rPois rN+ Dex-4}
 26637 | Lair:6   | Found a staircase to the Slime Pits.
 27335 | Orc:1    | Entered Level 1 of the Orcish Mines
 27815 | Orc:2    | Entered Level 2 of the Orcish Mines
 27815 | Orc:2    | Found a burning altar of Makhleb.
 27920 | Orc:2    | Found Heirhuar's Magic Scroll Emporium.
 27927 | Orc:2    | Found Ytaefah's General Store.
 28385 | Orc:2    | Found Leme's Assorted Antiques.
 28457 | Orc:2    | Found Goesop Taha's Antique Weapon Shop.
 28495 | Orc:2    | Found a staircase to the Elven Halls.
 28497 | Orc:2    | Found Xoorrof's Mass Market.
 28505 | Orc:2    | Bought a +0 tower shield for 54 gold pieces
 29448 | Orc:2    | Bought a scroll of identify for 34 gold pieces
 29448 | Orc:2    | Identified a scroll of acquirement
 29449 | Orc:2    | Acquired 1124 gold pieces
 29493 | Orc:2    | Reached skill level 10 in Evocations
 30221 | Orc:2    | Paralysed by an orc sorcerer for 4 turns
 30278 | Orc:2    | Paralysed by an orc sorcerer for 7 turns
 30580 | Orc:2    | Gained mutation: You are dopey. (Int -2) [a neqoxec]
 30601 | Orc:2    | Reached skill level 11 in Fighting
 30884 | Orc:2    | Paralysed by an orc sorcerer for 6 turns
 31137 | Orc:2    | Paralysed by an orc sorcerer for 4 turns
 31317 | Orc:2    | Found Jysunupn's Jewellery Shop.
 31317 | Orc:2    | Found Acha Gietwa's Antique Armour Boutique.
 31318 | Orc:2    | Found a one-way gate leading to the halls of Pandemonium.
 31322 | Orc:2    | Bought an emerald-encrusted scale mail for 315 gold pieces
 31322 | Orc:2    | Identified the +1 scale mail of Biann {rN+ Int-2 Dex+2}
                  | (You bought it in a shop on level 2 of the Orcish Mines)
 31322 | Orc:2    | Bought a pair of glowing gloves for 262 gold pieces
 31322 | Orc:2    | Bought a glowing hat for 245 gold pieces
 31322 | Orc:2    | Bought a pair of translucent gloves for 332 gold pieces
 31322 | Orc:2    | Identified the +0 pair of gloves of Greed {rC+} (You bought
                  | it in a shop on level 2 of the Orcish Mines)
 31353 | Orc:2    | Bought a +2 cloak of preservation for 279 gold pieces
 31353 | Orc:2    | Bought a +4 scale mail of cold resistance for 403 gold
                  | pieces
 31371 | Orc:2    | Bought an ivory war axe for 297 gold pieces
 31371 | Orc:2    | Identified the +5 war axe of the Tomato {venom, Fly rC+
                  | Str+5 Int-4} (You bought it in a shop on level 2 of the
                  | Orcish Mines)
 31372 | Orc:2    | Bought a brightly glowing morningstar for 315 gold pieces
 31372 | Orc:2    | Identified the +4 morningstar "Ynlac" {drain, Dex+2} (You
                  | bought it in a shop on level 2 of the Orcish Mines)
 31375 | Orc:2    | Bought a pair of spiked gloves for 237 gold pieces
 31375 | Orc:2    | Identified the +1 pair of gloves "Othruss" {rElec rPois rN+
                  | Dex-5} (You bought it in a shop on level 2 of the Orcish
                  | Mines)
 31376 | Orc:2    | Bought an ancient scale mail for 225 gold pieces
 31376 | Orc:2    | Identified the +8 scale mail "Kaehidiarr" {rF+ rCorr Int+2}
                  | (You bought it in a shop on level 2 of the Orcish Mines)
 31387 | Orc:2    | Bought a shiny crystal plate armour for 2075 gold pieces
 31588 | D:12     | Reached XP level 15. HP: 100/118 MP: 12/15
 31764 | D:12     | Noticed Fannar
 31801 | D:12     | Reached skill level 10 in Dodging
 31807 | D:12     | Identified the ring "Circhir Exep" {rC+ Stlth+}
 31839 | D:12     | Reached skill level 10 in Axes
 31848 | D:12     | Killed Fannar
 33236 | D:12     | Reached skill level 10 in Armour
 33376 | D:12     | Identified the ring "Ybruotes" {MP+9 Int+7}
 33384 | D:12     | Identified the ring of Ibebriaps {rN+ Dex+6}
 33401 | D:12     | Identified the ring of the Cuttlefish {*Corrode Fly Int+5
                  | Slay+5}
 33941 | D:13     | Paralysed by a centaur for 2 turns
 34096 | D:13     | Gained mutation: Your body sometimes deteriorates upon
                  | taking damage. [a neqoxec]
 34244 | D:13     | Slain by an ettin

Illustrated notes

Levels and vault maps discovered:
D:1:      minmay_arrival_up_and_down, layout_loops_cross,
          dreamdust_ecumenical_altar_sealed_demon, grunt_decor_arrowhead
D:2:      layout_loops_ring, uniq_terence
D:3:      layout_basic, kb_xom_exploding_sheep, fedhas_altar_1, serial_shops,
          shop, minmay_misc_feat_nine_boxes, uniq_jessica, uniq_natasha
D:4:      layout_rooms, chequers_temple_overflow_statue_of_worship,
          minmay_temple_entry_fiery, uniq_eustachio, uniq_robin, uniq_sigmund
D:5:      layout_rooms, st_stairs_6, amcnicky_mini_rare_corridor_liquid
D:6:      layout_basic, uniq_blork_the_orc
D:7:      layout_basic, water_maze_lemuel, uniq_prince_ribbit1
D:8:      layout_rooms, erik_lair_dragon, uniq_pikel
D:9:      layout_loops_ring, overflow_temple_1_default, orc_0_dummy,
          minmay_misc_feat_hallway
D:10:     layout_rooms, uniq_psyche
D:11:     layout_basic, minmay_fountain_box, nicolae_straight_to_the_point
D:12:     minmay_the_grid_triangle_9x9_rhombus_thin_mashed
          [minmay_the_grid_triangle_9x9_steps,
          minmay_the_grid_triangle_9x9_prize_special,
          minmay_the_grid_triangle_9x9_alien,
          minmay_the_grid_triangle_9x9_zippers_horizontal], layout_rooms,
          serial_aquarium, aquarium_bridge_square [aquarium_subvault_bridge,
          aquarium_subvault_window, aquarium_subvault_wall,
          aquarium_subvault_window], aquarium_window_1,
          aquarium_window_corridor_1, aquarium_window_corner, aquarium_window_1,
          aquarium_view_2a, aquarium_balcony_3a, uniq_fannar
D:13:     minmay_bad_star, layout_basic, minmay_misc_feat_secret_circle,
          interstate_on_off, uniq_maurice
Lair:1:   lemuel_reptile_caves, layout_regular_city, fungi_pond_lemuel,
          st_stairs_13, grunt_megastairs_4
Lair:2:   layout_cave_pods, uniq_harold
Lair:3:   layout_regular_city, minmay_shoals_entry_beasts, uniq_snorg
Lair:4:   onia_ninara_swampy_vault, layout_regular_city,
          nicolae_spider_entry_tight_spaces
Lair:5:   layout_gridlike
Lair:6:   evilmike_catoblepas_cave, layout_regular_city,
          minmay_slime_entry_oklob_open, uniq_nessos, uniq_urug
Orc:1:    layout_caves
Orc:2:    pf_orc_diabolical, layout_caves, serial_shops, shop,
          nicolae_shop_waterfront, minmay_shop_mass, bloody_makhleb

Skill      XL: |  1  2  3  4  5  6  7  8  9 10 11 12 13 14 15 |
---------------+----------------------------------------------+-----
Axes           | 2 3 4 5 6 7 8 9 10 | 10.3
Dodging        | 2 3 4 5 6 7 8 9 10 | 10.3
Armour         | 1 2 3 4 5 6 7 8 9 10 | 10.1
Fighting       | 4 5 6 7 8 9 10 11 | 11.4
Throwing       | 1 2 3 4 5 6 7 8 9 |  9.8
Evocations     | 1 2 3 4 6 7 8 9 10 | 10.6
Shields        | 2 3 4 6 7 8 9 |  9.4
Stealth        | 5 |  5.0

Action                   |  1- 3 |  4- 6 |  7- 9 | 10-12 | 13-15 || total
-------------------------+-------+-------+-------+-------+-------++-------
Melee: Spear             |    77 |    71 |   263 |   426 |   164 ||  1001
       War axe           |       |       |       |   214 |  1030 ||  1244
Throw: Dart              |       |     6 |    17 |    90 |    10 ||   123
       Javelin           |       |       |       |       |     9 ||     9
Invok: Call Merchant     |       |       |       |       |     3 ||     3
Evoke: Tin of tremorston |       |       |       |     3 |     1 ||     4
       Wand              |       |       |       |     4 |    29 ||    33
  Use: Potion            |     1 |       |       |     2 |     3 ||     6
       Scroll            |       |       |     7 |     6 |    18 ||    31
 Stab: Sleeping          |     7 |     9 |     5 |     6 |     3 ||    30
       Distracted        |     1 |     1 |     3 |     4 |    11 ||    20
       Petrified         |       |       |       |       |     3 ||     3
Armor: Leather armour    |    21 |    10 |       |       |       ||    31
       Ring mail         |       |     5 |    72 |   208 |   312 ||   597
       Scale mail        |       |       |       |       |   239 ||   239
Dodge: Dodged            |    52 |    20 |    75 |   265 |   615 ||  1027
Block: Kite shield       |       |       |    56 |   300 |   426 ||   782
       Tower shield      |       |       |       |       |   664 ||   664

Table legend: (Time is in decaauts)
 A = Elapsed time spent in this place.
 B = Non-inter-level travel time spent in this place.
 C = Inter-level travel time spent in this place.
 D = Time resting spent in this place.
 E = Time spent auto-exploring this place.
 F = Levels seen in this place.
 G = Mean time per level.
                   A        B        C        D        E       F      G
               +--------+--------+--------+--------+--------+-----+--------+
         Total |  34723 |  33096 |   1627 |   3259 |  23535 |  21 | 1653.5 |
       Dungeon |  18485 |  17406 |   1079 |   1548 |  12526 |  13 | 1421.9 |
          Lair |  12019 |  11546 |    473 |    661 |   8918 |   6 | 2003.2 |
  Orcish Mines |   4218 |   4144 |     74 |   1050 |   2089 |   2 | 2109.0 |
               +--------+--------+--------+--------+--------+-----+--------+

Top non-repeatable levels by time:
     D:8: 2947 daAuts
   Orc:2: 2898 daAuts
  Lair:1: 2680 daAuts
    D:11: 2517 daAuts
  Lair:4: 2236 daAuts
  Lair:2: 2049 daAuts
  Lair:6: 1968 daAuts
     D:2: 1762 daAuts
  Lair:5: 1648 daAuts
     D:7: 1641 daAuts
     D:6: 1543 daAuts
  Lair:3: 1435 daAuts
     D:9: 1427 daAuts
   Orc:1: 1320 daAuts
    D:10: 1310 daAuts
